 Dungeon Crawl Stone Soup version 0.29.1-15-g9cfb28693d (webtiles) character file.

Game seed: 4800662977605219059

5076 tizbic2 the Summoner (level 10, -3/97 (104) HPs)
             Began as an Ogre Summoner on Apr 18, 2023.
             Was a Believer of Cheibriados.
             Slain by a wight
             ... wielding a +0 scimitar
              (7 damage)
             ... on level 9 of the Dungeon.
             The game lasted 00:37:46 (9423 turns).

tizbic2 the Summoner (Ogre Summoner)                Turns: 9423, Time: 00:37:46

HP:   -3/97 (104)   AC:  4    Str: 23    XL:     10   Next: 56%
MP:   17/18         EV: 10    Int: 28    God:    Cheibriados [**....]
Gold: 323           SH:  0    Dex: 12    Spells: 9/23 levels left

rFire   . . .      SeeInvis .   H - +4 dire flail
rCold   . . .      Faith    .   (shield currently unavailable)
rNeg    . . .      Spirit   .   e - +0 robe
rPois   .          Reflect  .   (helmet restricted)
rElec   .          Harm     .   w - +0 cloak
rCorr   .          Rampage  .   (gloves unavailable)
Will    +....                   (boots unavailable)
Stlth   ++........              n - amulet of the acrobat
HPRegen 0.26/turn               o - +6 ring of strength
MPRegen 0.16/turn               D - +4 ring of slaying

@: drained, very slow
A: large, unfitting armour, tough skin 1, clever 1, low MP 1
a: Renounce Religion, Bend Time


You were on level 9 of the Dungeon.
You worshipped Cheibriados.
Cheibriados was pleased with you.
You visited 2 branches of the dungeon, and saw 10 of its levels.

You collected 323 gold pieces.

Inventory:

Hand Weapons
 f - a +5 dagger of draining
 r - a +1 dagger of protection
 F - a +1 mace
 G - a +3 spear
 H - a +4 dire flail (weapon)
Missiles
 t - 12 poisoned darts
 y - 3 atropa-tipped darts
 C - 3 throwing nets
Armour
 e - a +0 robe (worn)
 w - a +0 cloak (worn)
Magical Staves
 z - a staff of earth
Jewellery
 d - a ring of ice
 i - a ring of ice
 n - an amulet of the acrobat (around neck)
 o - a +6 ring of strength (left hand)
 D - a +4 ring of slaying (right hand)
Wands
 j - a wand of flame (52)
 p - a wand of roots (6)
 s - a wand of charming (29)
Scrolls
 g - 4 scrolls of vulnerability
 q - a scroll of enchant armour {unknown}
 v - 5 scrolls of teleportation
 x - a scroll of poison {unknown}
 B - a scroll of fear
 E - 2 scrolls of identify
Potions
 a - 2 potions of heal wounds
 b - a potion of magic
 c - a potion of berserk rage
 h - 2 potions of attraction
 k - a potion of might
 l - a potion of curing
 m - 3 potions of flight {unknown}
 u - a potion of brilliance {unknown}
 A - a potion of degeneration {unknown}


   Skills:
 + Level 7.8 Fighting
 + Level 3.2 Polearms
 - Level 1.7 Dodging
 - Level 1.4 Stealth
 * Level 7.4 Spellcasting
 * Level 8.5 Summonings
 - Level 7.7 Air Magic
 + Level 1.2 Invocations


You had 9 spell levels left.
You knew the following spells:

 Your Spells              Type           Power      Damage    Failure   Level
a - Airstrike             Air            26%        2d(4-20)  2%          4
b - Shock                 Conj/Air       100%       1d9       1%          1
c - Summon Lightning Spi  Summ/Air       54%        N/A       1%          4
d - Call Canine Familiar  Summ           55%        N/A       1%          3
e - Poisonous Vapours     Pois/Air       64%        N/A       1%          2

Your spell library contained the following spells:

 Spells                   Type           Power      Damage    Failure   Level
 Summon Small Mammal      Summ           100%       N/A       1%          1
 Call Imp                 Summ           55%        N/A       1%          2
 Swiftness                Air            52%        N/A       1%          3
 Summon Guardian Golem    Hex/Summ       34%        N/A       2%          3
 Magic Dart               Conj           40%        1d5       5%          1
 Sting                    Tmut/Pois      40%        1d5       5%          1
 Mephitic Cloud           Conj/Pois/Air  24%        N/A       5%          3
 Gell's Gravitas          Tloc           10%        N/A       16%         3
 Lesser Beckoning         Tloc           10%        N/A       16%         3
 Teleport Other           Tloc           10%        N/A       16%         3
 Leda's Liquefaction      Hex/Erth       5%         N/A       45%         4
 Olgreb's Toxic Radiance  Pois           10%        N/A       45%         4
 Lee's Rapid Deconstruct  Erth           5%         3d7*      82%         5
 Statue Form              Tmut/Erth      6%         N/A       100%        6


Dungeon Overview and Level Annotations

Branches:
Dungeon (9/15)             Temple (1/1) D:7
   Lair: D:8-11         Orc: D:9-12

Altars:
Ashenzari
Cheibriados
Elyvilon
Fedhas
Gozag
Hepliaklqana
Kikubaaqudgha
Makhleb
Nemelex Xobeh
Qazlal
Sif Muna
Trog
Uskayaw
Vehumet
Xom
Yredelemnul
Zin
The Shining One

Shops:
D:2 [   D:7 *


Innate Abilities, Weirdness & Mutations

You are too large for most types of armour.
You have tough skin. (AC +1)
Your mind is acute. (Int +4, Str/Dex -1)
Your magical capacity is low. (-10% MP)


Message History

The wight hits you with a +1 falchion of freezing.
The wight freezes you. The wight completely misses you.
You puncture the wight!
The wight is severely damaged.
The wight hits you with a +1 falchion of freezing.
The wight freezes you. The wight hits you with a +0 scimitar!
You closely miss the wight.
The wight is severely damaged.
The wight hits you with a +1 falchion of freezing!
* * * LOW HITPOINT WARNING * * *
The wight freezes you.
* * * LOW HITPOINT WARNING * * *
The wight hits you with a +2 long sword of freezing.
* * * LOW HITPOINT WARNING * * *
The wight freezes you.
* * * LOW HITPOINT WARNING * * *
The wight closely misses you.
Your lightning spire shoots out a bolt of lightning at the wight!
The bolt of electricity hits the wight.
The wight is destroyed!
Cheibriados appreciates the change of pace.
The wight barely misses you.
The wight hits you with a +2 long sword of freezing!
* * * LOW HITPOINT WARNING * * *
The wight freezes you.
* * * LOW HITPOINT WARNING * * *
You feel much better. The wight completely misses you.
The wight hits you with a +0 scimitar!
* * * LOW HITPOINT WARNING * * *
You feel drained.
* * * LOW HITPOINT WARNING * * *
The wight attacks as you move away!
The wight hits you with a +2 long sword of freezing!
* * * LOW HITPOINT WARNING * * *
You feel drained.
* * * LOW HITPOINT WARNING * * *
The wight freezes you.
* * * LOW HITPOINT WARNING * * *
The wight attacks as you move away! The wight hits you with a +0 scimitar!
You die...

#..............
#.#.....)...... ##
#.....)........ .#
#...)....... ..
#........... #.
#...)....... #.#
###)).......
#..####z)........
#....@))........
##...#.z.........
#.##..#.8..##...####
#..[..<..##...###
##...#.........
#............###
...#.###........ ##
# #####.... #.###


You could see 2 wights and a friendly lightning spire (summoned).

Vanquished Creatures
  A wyvern (D:7)
  An ogre (D:6)
  A centaur (D:7)
  A kobold brigand (D:4)
  A bullfrog (D:5)
  2 wights (D:9)
  A nameless horror (D:6)
  3 orc priests
  3 hounds
  Jessica (D:3)
  An iguana (D:6)
  An orc wizard (D:5)
  Robin (D:2)
  10 adders
  A shadow imp (D:6)
  A white imp (D:6)
  A worm (D:4)
  A dart slug (D:1)
  2 orcs
  4 ball pythons
  4 endoplasms
  10 goblins
  7 jackals
  4 kobolds
  2 quokkas
  A bat (D:3)
  A frilled lizard (D:3)
  A rat (D:2)
68 creatures vanquished.

Vanquished Creatures (collateral kills)
  Maurice (D:7)
  A wyvern (D:7)
  Sigmund (D:2)
  7 yaks (D:8)
  A shadow (D:8)
  Duvessa (D:7)
  4 ice beasts
  2 orc warriors
  An ogre (D:6)
  A centaur (D:7)
  4 bullfrogs
  3 scorpions (D:5)
  2 necrophages
  8 wights
  Dowan (D:7)
  5 howler monkeys
  2 jellies
  2 hounds
  An orc priest (D:5)
  2 orc wizards
  2 adders (D:5)
  3 gnolls (D:7)
  A shadow imp (D:6)
  A white imp (D:5)
  An ufetubus (D:3)
  A worm (D:4)
  2 dart slugs
  14 orcs
  2 endoplasms (D:1)
  A giant cockroach (D:1)
  5 goblins
  6 hobgoblins
  6 jackals
  3 quokkas
  4 ball pythons
  19 kobolds
121 creatures vanquished.

Vanquished Creatures (others)
  2 fungi (D:7)
  38 plants
40 creatures vanquished.

Grand Total: 229 creatures vanquished

Notes
Turn   | Place    | Note
-------+----------+-------------------------------------------
     0 | D:1      | tizbic2 the Ogre Summoner began the quest for the Orb.
     0 | D:1      | Reached XP level 1. HP: 16/16 MP: 3/3
    56 | D:1      | Reached XP level 2. HP: 9/26 MP: 0/5
    73 | D:1      | Reached skill level 1 in Fighting
    73 | D:1      | Reached skill level 1 in Air Magic
   822 | D:2      | Reached XP level 3. HP: 33/33 MP: 4/7
   862 | D:2      | Noticed Robin
  1977 | D:2      | Killed Robin
  1978 | D:2      | Reached XP level 4. HP: 35/42 MP: 6/8
  2002 | D:2      | Learned a level 1 spell: Shock
  2030 | D:2      | Learned a level 4 spell: Summon Lightning Spire
  2232 | D:2      | Learned a level 3 spell: Call Canine Familiar
  2249 | D:2      | Noticed Sigmund
  2270 | D:2      | Killed Sigmund
  2271 | D:2      | Reached skill level 4 in Summonings
  2271 | D:2      | Reached XP level 5. HP: 12/52 MP: 4/10
  2558 | D:2      | Found Nakhis's Antique Armour Shoppe.
  2571 | D:2      | Reached XP level 6. HP: 61/61 MP: 7/11
  2572 | D:2      | You fall into a shaft and drop 1 floor!
  2633 | D:3      | Found a faded altar of an unknown god.
  2865 | D:3      | Gained mutation: Your mind is acute. (Int +4, Str/Dex -1)
                  | [potion of mutation]
  2865 | D:3      | Gained mutation: You have hidden genetic defects. [potion
                  | of mutation]
  2865 | D:3      | Gained mutation: You have sharp toenails. [potion of
                  | mutation]
  3074 | D:3      | Learned a level 4 spell: Airstrike
  3292 | D:3      | Found an ancient bone altar of Kikubaaqudgha.
  3320 | D:3      | Noticed Jessica
  3325 | D:3      | Killed Jessica
  3346 | D:3      | Gained mutation: Armour fits poorly on your strangely
                  | shaped body. [hidden defects]
  3776 | D:4      | Gained mutation: You are weak. (Str -2) [hidden defects]
  3776 | D:4      | Lost mutation: You have hidden genetic defects. [hidden
                  | defects expressed]
  3887 | D:4      | Reached XP level 7. HP: 51/68 MP: 3/13
  4083 | D:4      | Found a broken altar of Ashenzari.
  4143 | D:4      | Reached skill level 5 in Summonings
  4553 | D:5      | Entered Level 5 of the Dungeon
  4564 | D:5      | Found a basalt altar of Yredelemnul.
  4620 | D:5      | Found a sparkling altar of Nemelex Xobeh.
  4712 | D:5      | Reached XP level 8. HP: 16/79 MP: 11/14
  4716 | D:5      | HP: 1/79 [white imp (4)]
  5351 | D:5      | Reached skill level 5 in Air Magic
  5366 | D:5      | Reached skill level 5 in Spellcasting
  5652 | D:5      | Reached skill level 5 in Fighting
  5652 | D:5      | Reached skill level 6 in Summonings
  5737 | D:6      | Found the +3 pair of seven-league boots {Rampage+∞}
  6019 | D:6      | Found a burning altar of Makhleb.
  6186 | D:6      | Reached XP level 9. HP: 56/89 MP: 13/17
  6574 | D:7      | Noticed Duvessa
  6575 | D:7      | Noticed Dowan
  6587 | D:7      | Killed Duvessa
  6609 | D:7      | Reached skill level 7 in Summonings
  6646 | D:7      | Killed Dowan
  6879 | D:7      | Found a stormy altar of Qazlal.
  6879 | D:7      | Found a blossoming altar of Fedhas.
  6940 | D:7      | Found a staircase to the Ecumenical Temple.
  6954 | Temple   | Entered the Ecumenical Temple
  7164 | Temple   | Became a worshipper of Cheibriados the Contemplative
  7203 | D:7      | Found Hemumm's General Store.
  7490 | D:7      | Reached skill level 1 in Polearms
  7696 | D:8      | Noticed Maurice
  7709 | D:7      | Killed Maurice
  7955 | D:7      | Lost mutation: You are weak. (Str -2) [potion of mutation]
  7955 | D:7      | Lost mutation: Armour fits poorly on your strangely shaped
                  | body. [potion of mutation]
  7955 | D:7      | Lost mutation: You have sharp toenails. [potion of
                  | mutation]
  7955 | D:7      | Gained mutation: Your magical capacity is low. (-10% MP)
                  | [potion of mutation]
  8026 | D:8      | Noticed a boulder beetle
  8029 | D:8      | Noticed a centaur warrior
  8030 | D:8      | Noticed a boulder beetle
  8060 | D:8      | Reached XP level 10. HP: 99/102 MP: 6/17
  8062 | D:8      | Reached skill level 8 in Summonings
  8066 | D:8      | Reached * piety under Cheibriados
  8443 | D:8      | Learned a level 2 spell: Poisonous Vapours
  9166 | D:8      | Found a glowing silver altar of Zin.
  9409 | D:9      | Reached skill level 1 in Invocations
  9410 | D:9      | Reached ** piety under Cheibriados
  9423 | D:9      | HP: 4/97 [wight/+2 long sword of freezing (2)]
  9423 | D:9      | Slain by a wight

Illustrated notes

Levels and vault maps discovered:
D:1:      matt_arrival_diagonals, layout_loops_ring
D:2:      layout_basic, serial_shops, nicolae_shop_hallway_plus, uniq_robin,
          uniq_sigmund
D:3:      layout_loops_ring, nicolae_kikubaaqudgha_miasma_corner,
          basic_ecumenical_altar, minmay_misc_feat_rows, uniq_jessica
D:4:      kennysheep_kobold_camp, layout_rooms, mainiacjoe_overflow_alcove_1,
          cheibrodos_sewer_entry_bend
D:5:      minmay_general_purpose_star, layout_cave_pools,
          lemuel_coloured_pillars_altar, mainiacjoe_overflow_tiny_flanked
D:6:      layout_basic, lemuel_crystal_altar, water_boxes_lemuel
D:7:      layout_basic, grunt_temple_overflow_forces_of_nature,
          minmay_temple_entry_purple_smoke, serial_rivers,
          chequers_serial_rivers_micro_d, chequers_serial_rivers_micro_a,
          chequers_serial_rivers_micro_d, chequers_serial_rivers_micro_d,
          chequers_serial_rivers_micro_c, chequers_serial_rivers_room_b,
          serial_shops, nicolae_take_the_stairs, chequers_mini_garden,
          item_on_display_a, uniq_duvessa
D:8:      layout_layer_cave, marbit_many_paths,
          onia_ninara_dug_in_and_dangerous, uniq_maurice
D:9:      layout_rooms, mainiacjoe_overflow_boulevard,
          mainiacjoe_overflow_catwalk, mainiacjoe_overflow_cross_hatched,
          orc_david_3, serial_shops, nicolae_inconvenience_store
Temple:   chequers_temple_sunken

Skill      XL: |  1  2  3  4  5  6  7  8  9 10 |
---------------+-------------------------------+-----
Fighting       | 1 2 3 4 5 7 |  7.8
Air Magic      | 1 2 3 4 5 7 |  7.7
Spellcasting   | 3 4 5 6 7 |  7.4
Summonings     | 4 5 6 7 8 |  8.5
Polearms       | 2 3 |  3.2
Invocations    | 1 |  1.2
Dodging        | |  1.7
Stealth        | |  1.4

Action                   |  1- 3 |  4- 6 |  7- 9 | 10-12 || total
-------------------------+-------+-------+-------+-------++-------
Melee: Unarmed           |    28 |       |       |       ||    28
       Club              |     3 |       |       |       ||     3
       Short sword       |    33 |    23 |       |       ||    56
       Dagger            |       |    53 |   130 |       ||   183
       Kick              |       |    13 |    48 |       ||    61
       Punch             |       |     1 |     1 |       ||     2
       Spear             |       |       |    11 |    21 ||    32
       Dire flail        |       |       |       |    15 ||    15
Throw: Dart              |       |       |     1 |       ||     1
 Cast: Summon Small Mamm |    40 |       |       |       ||    40
       Call Canine Famil |       |    12 |    19 |     3 ||    34
       Shock             |       |     8 |     1 |       ||     9
       Summon Lightning  |       |     3 |    22 |     6 ||    31
  Use: Scroll            |       |     8 |     7 |       ||    15
       Potion            |       |     1 |     2 |     1 ||     4
 Stab: Distracted        |     1 |       |       |     1 ||     2
       Sleeping          |       |     4 |     2 |       ||     6
Armor: Robe              |    25 |    15 |    11 |     1 ||    52
       Animal skin       |       |     1 |       |       ||     1
Dodge: Dodged            |    48 |    38 |    87 |    20 ||   193
